 Dungeon Crawl Stone Soup version 0.29.0-11-gd7f09526c8 (webtiles) character file.

Game seed: 2257871758724540820

76035 gelatine the Tainter (level 14, -7/117 (122) HPs)
             Began as a Demonspawn Venom Mage on Sept 5, 2022.
             Was the Champion of Jiyva.
             Mangled by Mlioglotl (16 damage)
             ... on level 1 of the Shoals.
             The game lasted 01:22:05 (17534 turns).

gelatine the Tainter (Demonspawn Venom Mage)       Turns: 17534, Time: 01:22:06

HP:   -7/117 (122)  AC: 10    Str: 14    XL:     14   Next: 66%
MP:   21/28         EV: 19    Int: 24    God:    Jiyva [******]
Gold: 379           SH:  0    Dex: 24    Spells: 9/33 levels left

rFire   . . .      SeeInvis .   O - +6 arbalest "Tormentor" {freeze, rC+ Int+4 Dex+4}
rCold   + . .      Faith    .   (shield currently unavailable)
rNeg    . . .      Spirit   .   D - +2 troll leather armour
rPois   +          Reflect  .   (helmet unavailable)
rElec   .          Harm     .   (no cloak)
rCorr   +          Rampage  .   (no gloves)
Will    ++++.                   (no boots)
Stlth   +++++.....              r - amulet of regeneration
HPRegen 3.49/turn               l - ring of flight
MPRegen 0.71/turn               v - +6 ring of strength

@: swift, slimy, calling ooze, flying, lightly drained, very quick
A: horns 3, yellow scales 3, ignite blood 2, spiny 2, thin skeletal structure 1,
agile 1, strong-willed 3, poison resistance, robust 1, eyeballs 2, translucent
skin 3, evolution 1
}: 1/15 runes: slimy
a: Renounce Religion, Oozemancy, Slimify


You were on level 1 of the Shoals.
You worshipped Jiyva.
Jiyva was exalted by your worship.
You visited 5 branches of the dungeon, and saw 23 of its levels.
You also visited: Sewer and Ossuary.

You collected 1138 gold pieces.
You spent 759 gold pieces at shops.

Inventory:

Hand Weapons
 k - a +1 vampiric rapier
 y - a +5 dagger of freezing
 B - a +2 vampiric dagger
 O - the +6 arbalest "Tormentor" (weapon) {freeze, rC+ Int+4 Dex+4}
   (You found it on level 4 of the Lair of Beasts)

   Any ammunition fired from it freezes those it strikes, dealing additional
   cold damage.
   It can also slow down cold-blooded creatures.
   Int:       It affects your intelligence (+4).
   Dex:       It affects your dexterity (+4).
   rC:        It protects you from cold.
 S - the +5 short sword of Irritation {vamp, Str-3 Dex+6}
   (You found it on level 5 of the Lair of Beasts)

   It occasionally heals its wielder for a portion of the damage dealt when it
   wounds a living foe.
   Str:       It affects your strength (-3).
   Dex:       It affects your dexterity (+6).
 V - the +8 great mace of Foul Odours {vorpal, rF+ Will+}
   (You found it on level 5 of the Pits of Slime)

   It inflicts extra damage upon your enemies.
   rF:        It protects you from fire.
   Will:      It increases your willpower.
 W - the +10 glaive "Xepesun" {vorpal, Will+ rCorr Stlth+}
   (You found it on level 5 of the Pits of Slime)

   It inflicts extra damage upon your enemies.
   rCorr:     It protects you from acid and corrosion.
   Will:      It increases your willpower.
   Stlth:     It makes you more stealthy.
 X - the +8 short sword of Peitit {flame, Drain Will+++ Str+5 Dex-3}
   (You found it on level 5 of the Pits of Slime)

   It burns those it strikes, dealing additional fire damage.
   Str:       It affects your strength (+5).
   Dex:       It affects your dexterity (-3).
   Drain:     It drains your maximum health when unequipped.
   Will:      It greatly increases your willpower.
Missiles
 n - 3 javelins
 F - 2 curare-tipped darts
 R - 4 boomerangs
Armour
 c - a +0 hat
 j - the +0 leather armour of Limited Liability {rPois rC- rCorr}
   (You found it on level 4 of the Dungeon)

   rC:        It makes you vulnerable to cold.
   rPois:     It protects you from poison.
   rCorr:     It protects you from acid and corrosion.
 q - a +2 robe of willpower
 A - a +2 robe of positive energy
 D - a +2 troll leather armour (worn)
 H - the +1 fire dragon scales of Uzoegum {rF++ rC- Int+6}
   (You found it on level 1 of the Spider Nest)

   Int:       It affects your intelligence (+6).
   rF:        It greatly protects you from fire.
   rC:        It makes you vulnerable to cold.
 M - a +4 scale mail
 Y - the +2 ring mail of the Feral Alphagorgon {rF- Will- Str+2 Int+6}
   (You found it on level 5 of the Pits of Slime)

   Str:       It affects your strength (+2).
   Int:       It affects your intelligence (+6).
   rF:        It makes you vulnerable to fire.
   Will:      It decreases your willpower.
Magical Staves
 C - a staff of fire
 P - a staff of death
 T - a staff of poison
Jewellery
 l - a ring of flight (left hand)
 r - an amulet of regeneration (around neck)
 v - a +6 ring of strength (right hand)
 Z - a ring of fire
Wands
 L - a wand of polymorph (7)
Scrolls
 a - 2 scrolls of magic mapping
 g - 8 scrolls of teleportation
 o - a scroll of torment
 p - 2 scrolls of brand weapon
 s - a scroll of silence {unknown}
 t - 3 scrolls of poison
 u - a scroll of summoning
 w - a scroll of amnesia
 J - 2 scrolls of noise
 K - a scroll of enchant weapon
 Q - a scroll of butterflies
Potions
 b - a potion of magic
 d - 3 potions of brilliance
 e - 6 potions of curing
 f - a potion of heal wounds
 h - 2 potions of haste
 i - 3 potions of attraction
 m - 6 potions of might
 x - a potion of mutation
 G - 2 potions of flight
 N - a potion of invisibility {unknown}
 U - a potion of cancellation {unknown}


   Skills:
 * Level 10.8 Fighting
 + Level 5.8 Short Blades
 * Level 9.1 Ranged Weapons
 + Level 5.4 Armour
 + Level 9.4 Dodging
 + Level 3.8 Stealth
 + Level 10.1 Spellcasting
 + Level 2.5 Conjurations
 + Level 1.3 Hexes
 + Level 2.3 Translocations
 + Level 6.1 Transmutations
 + Level 1.3 Fire Magic
 + Level 1.3 Ice Magic
 + Level 3.3 Air Magic
 + Level 0.8 Earth Magic
 + Level 10.8 Poison Magic


You had 9 spell levels left.
You knew the following spells:

 Your Spells              Type           Power      Damage    Failure   Level
a - Sting                 Tmut/Pois      100%       1d8       1%          1
b - Poisonous Vapours     Pois/Air       92%        N/A       1%          2
c - Mephitic Cloud        Conj/Pois/Air  38%        N/A       1%          3
d - Olgreb's Toxic Radia  Pois           59%        N/A       1%          4
e - Dazzling Flash        Conj/Hex       42%        N/A       9%          3
f - Swiftness             Air            28%        N/A       4%          3
g - Passwall              Tmut/Erth      24%        N/A       2%          2
h - Ensorcelled Hibernat  Hex/Ice        36%        N/A       5%          2
i - Iskenderun's Mystic   Conj/Tloc      24%        2d7       22%         4

Your spell library contained the following spells:

 Spells                   Type           Power      Damage    Failure   Level
 Freeze                   Ice            72%        1d9       3%          1
 Slow                     Hex            72%        N/A       3%          1
 Confusing Touch          Hex            18%        N/A       11%         3
 Frozen Ramparts          Ice            36%        1d6       11%         3
 Vampiric Draining        Necr           12%        2d6       19%         3
 Hailstorm                Conj/Ice       21%        3d6       28%         4
 Starburst                Conj/Fire      10%        6d5       99%         6


Dungeon Overview and Level Annotations

Branches:
Dungeon (10/15)            Temple (0/1) D:6            Lair (5/5) D:8
 Shoals (1/4) Lair:3       Spider (2/4) Lair:2        Slime (5/5) Lair:5
    Orc (0/2) D:9           Sewer (visited)         Ossuary (visited)

Altars:
Gozag
Kikubaaqudgha
Makhleb
Trog
Uskayaw
Wu Jian
Xom
Jiyva

Shops:
D:1 *   D:5 *   D:6 :

Annotations:
D:10 3 runed translucent doors, exclusion: obsidian statue, browni3141's ghost, journeyman FoCj
Shoals:1 Mlioglotl
Spider:2 Aizul
Slime:5 Dissolution; Royal Jelly


Innate Abilities, Weirdness & Mutations

You have a pair of large horns on your head.
You are completely covered in yellow scales. (AC +4, rCorr)
Your demonic aura often causes spilled blood to erupt in flames.
You are mostly covered in sharp spines.
You have a somewhat thin skeletal structure. (Dex +2, Stealth+)
You are agile. (Dex +4, Str/Int -1)
You are extremely strong-willed. (Will+++)
Your system is resistant to poisons. (rPois)
You are robust. (+10% HP)
Your body has grown many eyes which may confuse attackers. (Acc +5)
Your transparent skin significantly reduces your foes' accuracy. (Stealth+)
You have hidden genetic potential.


Message History

Your water elemental hits the balrug.
Casting: Olgreb's Toxic Radiance (mildly dangerous; 1% risk of failure)
Confirm with . or Enter, or press ? or * to list all spells.
Casting: Dazzling Flash (mildly dangerous; 9% risk of failure)
Press: ? - help, Dir - look around, f - activate The balrug is dazzled.
Mlioglotl is dazzled.
The walls burn Mlioglotl!
The balrug is struck by your spines.
You kill the balrug!
The balrug disappears in a puff of smoke!
The walls burn Mlioglotl!
Mlioglotl is struck by your spines. Mlioglotl closely misses you.
Mlioglotl tramples you!
You hold your ground!
You feel much better.
The walls burn Mlioglotl!
Mlioglotl closely misses you. Mlioglotl barely misses you.
Your water elemental is engulfed in blazing flames.
Your water elemental hits Mlioglotl.
Casting: Dazzling Flash (mildly dangerous; 9% risk of failure)
Confirm with . or Enter, or press ? or * to list all spells.
You feel quick.
The walls burn Mlioglotl!
Mlioglotl hits you!! Mlioglotl tramples you!
You hold your ground!
Your water elemental is engulfed in blazing flames.
You destroy your water elemental!
Your water elemental dissolves into shadows!
The walls burn Mlioglotl!
Mlioglotl closely misses you. Mlioglotl barely misses you.
You feel much better.
The walls burn Mlioglotl!
Mlioglotl misses you. Mlioglotl tramples you!
You hold your ground!
A thick mucus forms on the +6 arbalest "Tormentor" {freeze, rC+ Int+4 Dex+4}.
Mlioglotl is no longer blind.
The walls burn Mlioglotl!
Mlioglotl hits you but does no damage. Mlioglotl tramples you!
You hold your ground!
Really attack while wielding the +6 arbalest "Tormentor" {freeze, rC+ Int+4 Dex+4}?
You clumsily bash Mlioglotl but do no damage.
You headbutt Mlioglotl, but do no damage.
Mlioglotl is moderately wounded.
The walls burn Mlioglotl!
Mlioglotl hits you!
* * * LOW HITPOINT WARNING * * *
Mlioglotl tramples you!!
* * * LOW HITPOINT WARNING * * *
You hold your ground!
The walls burn Mlioglotl!
Mlioglotl hits you!
You die...

#..###...~~....
##.##....~~~...
#........~~~...
#..........###.
#.....###.## ##
##...## ## #.
####....### .^
##○........# ..
#@...........
.~
#X°.....~~...
#.~...~~~~~~.
#..~~~~~~~~~~~
#..~~~~~~≈≈≈≈~~
#..~~≈≈≈≈≈≈≈≈≈≈
#.>~≈≈≈≈≈≈≈≈≈≈≈
..~~≈≈≈H≈≈≈≈≈≈
..~~≈≈≈≈≈≈≈≈≈≈


You could see Mlioglotl (strong, ally target) and a friendly manticore
(summoned, fleeing).

Vanquished Creatures
  Gastronok (D:10)
  A ghost moth (Spider:2)
  A broodmother (Spider:2)
  An entropy weaver (Spider:1)
  A fire dragon (Lair:5)
  4 hydras
  3 boulder beetles
  A catoblepas (D:10)
  A jorogumo (Spider:2)
  2 death yaks (D:8)
  The ghost of Palms the Cleaver, a novice MiBe of Trog (D:7)
  Sonja (D:10)
  A steelbarb worm (Spider:2)
  A sun moth (Spider:2)
  2 orb spiders
  Pikel (D:5)
  3 lindwurms (Lair:5)
  An ugly thing (D:9)
  10 wolf spiders
  2 merfolk sirens (Lair:3)
  4 black mambas
  3 elephants (Lair:5)
  9 torpor snails
  A demonic crawler (Spider:2)
  7 cane toads
  6 komodo dragons
  A rime drake (Lair:2)
  3 tyrant leeches (Lair:5)
  2 trolls (D:9)
  3 merfolk
  9 polar bears (Lair:5)
  12 tarantellas
  7 hornets
  A meliai (Lair:2)
  2 wind drakes (Shoals:1)
  Grinder (D:5)
  2 raiju (Lair:5)
  7 blink frogs
  13 jumping spiders
  8 culicivoras
  A water elemental (Shoals:1)
  2 wyverns (Lair:3)
  A wraith (D:10)
  46 yaks
  Eustachio (D:5)
  A basilisk (Lair:3)
  18 redbacks
  A steam dragon (D:9)
  An acid dragon (D:9)
  6 wargs (Lair:5)
  13 hell hounds (Lair:5)
  8 water moccasins
  5 ice beasts
  12 black bears
  3 orc warriors
  An ogre (D:5)
  33 wolves
  4 centaurs
  A lemure (D:5)
  2 phantoms
  2 kobold brigands
  4 bullfrogs
  A gnoll sergeant (D:9)
  9 wights (D:8)
  A hornet simulacrum (D:7)
  15 killer bees
  7 howler monkeys
  2 hounds (D:6)
  7 jellies
  3 orc priests
  5 iguanas
  Jessica (D:3)
  4 orc wizards
  2 hell rats (D:8)
  7 mummies (Ossuary)
  A killer bee simulacrum (D:7)
  4 gnolls (D:6)
  10 adders
  A river rat (Sewer)
  A shadow imp (D:6)
  3 white imps (D:7)
  An ufetubus (D:7)
  3 adder skeletons (D:2)
  An adder zombie (D:2)
  2 worms
  A dart slug (D:5)
  17 orcs
  A bat skeleton (D:2)
  10 endoplasms
  6 giant cockroaches
  5 goblins
  4 hobgoblins
  6 jackals (D:1)
  11 quokkas
  10 ball pythons
  A ball python skeleton (D:2)
  A ball python zombie (D:2)
  3 bats
  5 frilled lizards
  2 giant cockroach zombies (D:2)
  2 hobgoblin zombies (Ossuary)
  A jackal zombie (D:2)
  17 kobolds
  2 kobold zombies
  3 orc zombies
  2 quokka skeletons (D:2)
  A quokka zombie (D:2)
  16 rats
  2 rat zombies (D:6)
  A lurking horror (Spider:2)
527 creatures vanquished.

Vanquished Creatures (others)
  The ghost of rumses the Severer, a journeyman HOFi of Okawaru (Lair:4)
  A death yak (D:8)
  A black mamba (Lair:4)
  A slime creature (D:9)
  5 yaks (Lair:4)
  A black bear (D:6)
  A bullfrog (Lair:1)
  A scorpion (D:4)
  35 jellies
  A quasit (D:5)
  2 hounds
  2 orc priests (D:5)
  2 iguanas (D:6)
  A mummy (Ossuary)
  An ufetubus (D:6)
  2 orcs (D:5)
  A gnoll zombie (Ossuary)
  A hobgoblin (D:4)
  2 goblin skeletons (D:5)
  A goblin zombie (D:5)
  3 hobgoblin zombies
  A kobold skeleton (D:5)
  2 orc skeletons (D:5)
  An orc zombie (D:5)
  2 bushes (Lair:4)
  76 fungi
  80 plants
  2 withered plants (D:2)
230 creatures vanquished.

Grand Total: 757 creatures vanquished

Notes
Turn   | Place    | Note
-------+----------+-------------------------------------------
     0 | D:1      | gelatine the Demonspawn Venom Mage began the quest for the
                  | Orb.
     0 | D:1      | Reached XP level 1. HP: 13/13 MP: 3/3
     8 | D:1      | Found Poikhle's Assorted Antiques.
   235 | D:1      | Gained mutation: You are partially covered in sharp spines.
                  | [demonic ancestry]
   235 | D:1      | Reached XP level 2. HP: 19/19 MP: 0/5
   366 | D:1      | You fall into a shaft and drop 1 floor!
   419 | D:1      | Reached skill level 1 in Transmutations
   992 | D:1      | Reached XP level 3. HP: 24/24 MP: 1/6
  1170 | D:2      | Learned a level 2 spell: Poisonous Vapours
  1730 | D:2      | Found a shimmering altar of Xom.
  1765 | D:2      | Gained mutation: You have a pair of small horns on your
                  | head. [demonic ancestry]
  1765 | D:2      | Reached XP level 4. HP: 31/31 MP: 4/7
  1979 | D:2      | HP: 1/31 [kobold/+0 whip (3)]
  2493 | D:3      | Noticed Jessica
  2618 | D:3      | Killed Jessica
  2619 | D:3      | Reached skill level 1 in Fighting
  2619 | D:3      | Gained mutation: You have a pair of horns on your head.
                  | [demonic ancestry]
  2619 | D:3      | Reached XP level 5. HP: 35/37 MP: 2/9
  3294 | D:4      | Found a glowing drain.
  3312 | Sewer    | Entered a sewer
  3668 | Sewer    | Gained mutation: You have a pair of large horns on your
                  | head. [demonic ancestry]
  3668 | Sewer    | Reached XP level 6. HP: 40/43 MP: 4/10
  3855 | Sewer    | Found a viscous altar of Jiyva.
  4047 | Sewer    | Became a worshipper of Jiyva Jociw the Shapeless
  4157 | D:4      | Identified the +0 leather armour of Limited Liability
                  | {rPois rC- rCorr}
  4373 | D:4      | HP: 1/44 [centaur/arrow (14)]
  4419 | D:4      | Found a burning altar of Makhleb.
  4478 | D:4      | Reached * piety under Jiyva
  4520 | D:4      | Reached skill level 5 in Poison Magic
  4524 | D:4      | Learned a level 3 spell: Mephitic Cloud
  4529 | D:4      | Learned a level 4 spell: Olgreb's Toxic Radiance
  4548 | D:4      | Gained mutation: You are partially covered in yellow
                  | scales. (AC +2) [demonic ancestry]
  4548 | D:4      | Reached XP level 7. HP: 48/50 MP: 4/12
  4926 | D:5      | Entered Level 5 of the Dungeon
  5030 | D:5      | Noticed Grinder
  5042 | D:5      | Paralysed by Grinder for 2 turns
  5050 | D:5      | Killed Grinder
  5118 | D:5      | Reached ** piety under Jiyva
  5169 | D:5      | Found Kikairi's General Store.
  5170 | D:5      | Noticed Eustachio
  5198 | D:5      | Killed Eustachio
  5199 | D:5      | Reached skill level 1 in Air Magic
  5235 | D:5      | Bought a scroll of poison for 48 gold pieces
  5278 | D:5      | Gained mutation: You are mostly covered in sharp spines.
                  | [demonic ancestry]
  5278 | D:5      | Reached XP level 8. HP: 58/58 MP: 6/14
  5321 | D:5      | Noticed Pikel
  5336 | D:5      | Killed Pikel
  5337 | D:5      | Reached skill level 1 in Short Blades
  5337 | D:5      | Reached skill level 1 in Conjurations
  5439 | D:5      | Found an ancient bone altar of Kikubaaqudgha.
  5898 | D:6      | Found a staircase to the Ecumenical Temple.
  5942 | D:6      | Found a sand-covered staircase.
  5950 | Ossuary  | Entered an ossuary
  5950 | Ossuary  | Reached *** piety under Jiyva
  5981 | Ossuary  | Gained mutation: You are mostly covered in yellow scales.
                  | (AC +3) [demonic ancestry]
  5981 | Ossuary  | Reached XP level 9. HP: 65/65 MP: 16/16
  6016 | Ossuary  | Reached skill level 5 in Spellcasting
  6204 | D:6      | Found Osec's Book Emporium.
  6425 | D:6      | Found a bloodstained altar of Trog.
  6548 | D:7      | Gained mutation: You possess an exceptional clarity of
                  | mind. [Jiyva's grace]
  6548 | D:7      | Gained mutation: Your flesh is heat resistant. (rF+)
                  | [Jiyva's grace]
  6548 | D:7      | Gained mutation: Your flesh is very heat resistant. (rF++)
                  | [Jiyva's grace]
  6548 | D:7      | Gained mutation: Your flesh is almost immune to the effects
                  | of heat. (rF+++) [Jiyva's grace]
  6652 | D:7      | Found a runed translucent gate.
  6652 | D:7      | Found a runed translucent gate.
  6652 | D:7      | Found a runed translucent gate.
  6680 | D:7      | Reached skill level 5 in Fighting
  6726 | D:7      | Reached **** piety under Jiyva
  6777 | D:7      | Noticed Palms's ghost (novice MiBe)
  7075 | D:8      | Reached skill level 5 in Dodging
  7324 | D:8      | Gained mutation: Your demonic aura sometimes causes spilled
                  | blood to erupt in flames. [demonic ancestry]
  7324 | D:8      | Reached XP level 10. HP: 52/76 MP: 18/18
  7383 | D:8      | Noticed a death yak
  7386 | D:8      | Noticed a death yak
  7387 | D:8      | Noticed a death yak
  7393 | D:8      | Killed a death yak
  7419 | D:8      | Killed a death yak
  7472 | D:8      | Killed a death yak
  7518 | D:8      | Found a staircase to the Lair.
  7653 | D:8      | Found a shimmering altar of Xom.
  8213 | D:9      | Reached skill level 5 in Short Blades
  8408 | D:9      | Found a staircase to the Orcish Mines.
  8526 | D:9      | Noticed a boulder beetle
  8585 | D:9      | Noticed a cyan ugly thing
  8598 | D:9      | Killed a red ugly thing
  8599 | D:9      | Gained mutation: You are completely covered in yellow
                  | scales. (AC +4, rCorr) [demonic ancestry]
  8599 | D:9      | Reached XP level 11. HP: 67/84 MP: 14/21
  8674 | D:9      | Noticed a boulder beetle
  8709 | D:9      | Killed a boulder beetle
  8749 | D:9      | Lost mutation: You possess an exceptional clarity of mind.
                  | [Jiyva's grace]
  8749 | D:9      | Lost mutation: Your flesh is almost immune to the effects
                  | of heat. (rF+++) [Jiyva's grace]
  8749 | D:9      | Gained mutation: Your melee attacks may engulf your foes in
                  | ooze. [Jiyva's grace]
  8749 | D:9      | Gained mutation: You have a small jelly attached to you
                  | that senses nearby items. [Jiyva's grace]
  8749 | D:9      | Gained mutation: You have sharp fingernails. [Jiyva's
                  | grace]
  8749 | D:9      | Gained mutation: You have very sharp fingernails. [Jiyva's
                  | grace]
  8788 | D:9      | Killed a boulder beetle
  8819 | D:10     | Entered Level 10 of the Dungeon
  8819 | D:10     | Noticed Sonja
  8824 | D:10     | Killed Sonja
  8825 | D:10     | Reached skill level 1 in Armour
  8973 | D:10     | Reached ***** piety under Jiyva
  8993 | D:10     | Noticed Gastronok
  8994 | D:10     | Noticed a catoblepas
  9014 | D:10     | Killed a catoblepas
  9019 | D:10     | Killed Gastronok
  9155 | D:10     | Found a runed translucent gate.
  9156 | D:10     | Found a runed translucent gate.
  9157 | D:10     | Found a runed translucent gate.
  9158 | D:10     | Found an opulent altar of Gozag.
  9158 | D:10     | Noticed browni3141's ghost (journeyman FoCj)
  9159 | D:10     | Noticed an obsidian statue
  9159 | D:10     | Noticed a centaur warrior
  9505 | Lair:1   | Entered Level 1 of the Lair of Beasts
  9506 | Lair:1   | Found a hide-covered altar of Uskayaw.
 10334 | Lair:2   | Reached skill level 5 in Transmutations
 10416 | Lair:2   | Lost mutation: You have very sharp fingernails. [Jiyva's
                  | grace]
 10416 | Lair:2   | Lost mutation: Your flesh is very heat resistant. (rF++)
                  | [Jiyva's grace]
 10416 | Lair:2   | Lost mutation: You have a small jelly attached to you that
                  | senses nearby items. [Jiyva's grace]
 10416 | Lair:2   | Lost mutation: Your melee attacks may engulf your foes in
                  | ooze. [Jiyva's grace]
 10416 | Lair:2   | Gained mutation: Your body has grown eyes which may confuse
                  | attackers. (Acc +3) [Jiyva's grace]
 10416 | Lair:2   | Gained mutation: Your body has grown many eyes which may
                  | confuse attackers. (Acc +5) [Jiyva's grace]
 10416 | Lair:2   | Gained mutation: Your body is covered in eyes which may
                  | confuse attackers. (Acc +7, SInv) [Jiyva's grace]
 10416 | Lair:2   | Gained mutation: Your mind is acute. (Int +4, Str/Dex -1)
                  | [Jiyva's grace]
 10454 | Lair:2   | Reached ****** piety under Jiyva
 10487 | Lair:2   | Gained mutation: Your demonic aura often causes spilled
                  | blood to erupt in flames. [demonic ancestry]
 10487 | Lair:2   | Reached XP level 12. HP: 82/92 MP: 18/24
 10894 | Lair:2   | Found a hole to the Spider Nest.
 10907 | Spider:1 | Entered Level 1 of the Spider Nest
 10924 | Spider:1 | Identified the +1 fire dragon scales of Uzoegum {rF++ rC-
                  | Int+6}
 11015 | Spider:1 | Noticed an entropy weaver
 11127 | Spider:1 | Killed an entropy weaver
 11467 | Lair:2   | Noticed a four-headed hydra
 11476 | Lair:2   | Killed a four-headed hydra
 11481 | Lair:2   | Learned a level 3 spell: Dazzling Flash
 11582 | Lair:2   | Reached skill level 10 in Poison Magic
 11897 | Lair:3   | Reached XP level 13. HP: 101/101 MP: 23/26
 11903 | Lair:3   | Gained mutation: You are agile. (Dex +4, Str/Int -1)
                  | [Jiyva's grace]
 11903 | Lair:3   | Gained mutation: You are very agile. (Dex +8, Str/Int -2)
                  | [Jiyva's grace]
 11903 | Lair:3   | Gained mutation: Your system is resistant to poisons.
                  | (rPois) [Jiyva's grace]
 11903 | Lair:3   | Gained mutation: Your mind is very acute. (Int +8, Str/Dex
                  | -2) [Jiyva's grace]
 12003 | Lair:3   | Reached skill level 5 in Armour
 12037 | Lair:3   | Found a staircase to the Shoals.
 12378 | Lair:3   | Reached skill level 1 in Fire Magic
 12650 | Lair:4   | Killed rumses's ghost
 12653 | Lair:4   | Reached skill level 1 in Hexes
 12671 | Lair:4   | Learned a level 3 spell: Swiftness
 12674 | Lair:4   | Learned a level 2 spell: Passwall
 12677 | Lair:4   | Learned a level 2 spell: Ensorcelled Hibernation
 12682 | Lair:4   | Learned a level 4 spell: Iskenderun's Mystic Blast
 12716 | Lair:4   | Found a runed translucent gate.
 12717 | Lair:4   | Found a runed translucent gate.
 12717 | Lair:4   | Noticed an azure jelly
 12718 | Lair:4   | Found a runed translucent gate.
 12719 | Lair:4   | Noticed an acid blob
 12758 | Lair:4   | Reached skill level 1 in Translocations
 12800 | Lair:4   | Noticed an acid blob
 12803 | Lair:4   | Found a viscous altar of Jiyva.
 12811 | Lair:4   | Identified the +6 arbalest "Tormentor" {freeze, rC+ Int+4
                  | Dex+4}
 12967 | Lair:4   | Found a hide-covered altar of Uskayaw.
 12967 | Lair:4   | Found an ornate altar of the Wu Jian Council.
 13381 | Lair:5   | Entered Level 5 of the Lair of Beasts
 13385 | Lair:5   | Lost mutation: Your mind is very acute. (Int +8, Str/Dex
                  | -2) [potion of mutation]
 13385 | Lair:5   | Lost mutation: You have sharp fingernails. [potion of
                  | mutation]
 13385 | Lair:5   | Lost mutation: Your system is resistant to poisons. (rPois)
                  | [potion of mutation]
 13385 | Lair:5   | Lost mutation: Your mind is acute. (Int +4, Str/Dex -1)
                  | [potion of mutation]
 13385 | Lair:5   | Gained mutation: You are robust. (+10% HP) [potion of
                  | mutation]
 13385 | Lair:5   | Gained mutation: You have a somewhat thin skeletal
                  | structure. (Dex +2, Stealth+) [potion of mutation]
 13385 | Lair:5   | Gained mutation: You have hidden genetic potential. [potion
                  | of mutation]
 13482 | Lair:5   | Reached skill level 1 in Ice Magic
 13490 | Lair:5   | Lost mutation: Your body is covered in eyes which may
                  | confuse attackers. (Acc +7, SInv) [Jiyva's grace]
 13490 | Lair:5   | Gained mutation: You are strong-willed. (Will+) [Jiyva's
                  | grace]
 13490 | Lair:5   | Gained mutation: You are highly strong-willed. (Will++)
                  | [Jiyva's grace]
 13490 | Lair:5   | Gained mutation: You are extremely strong-willed. (Will+++)
                  | [Jiyva's grace]
 13490 | Lair:5   | Gained mutation: Your body is covered in eyes which may
                  | confuse attackers. (Acc +7, SInv) [Jiyva's grace]
 13507 | Lair:5   | Reached skill level 1 in Ranged Weapons
 13720 | Lair:5   | Reached skill level 10 in Fighting
 13740 | Lair:5   | Identified the +5 short sword of Irritation {vamp, Str-3
                  | Dex+6}
 13951 | Lair:5   | Reached skill level 5 in Ranged Weapons
 14150 | Lair:5   | Found a runed translucent door.
 14151 | Lair:5   | Noticed a fire dragon
 14197 | Lair:5   | Reached XP level 14. HP: 121/121 MP: 27/27
 14383 | Lair:5   | Found a viscous altar of Jiyva.
 14384 | Lair:5   | Found a staircase to the Slime Pits.
 14389 | Slime:1  | Entered Level 1 of the Pits of Slime
 14389 | Slime:1  | Noticed an azure jelly
 14672 | Slime:3  | Noticed an acid blob
 14672 | Slime:3  | Noticed an acid blob
 14687 | Slime:5  | Entered Level 5 of the Pits of Slime
 14687 | Slime:5  | Noticed a quicksilver ooze
 14691 | Slime:5  | Noticed Dissolution
 14703 | Slime:5  | Noticed an acid blob
 14705 | Slime:5  | Noticed a rockslime
 14706 | Slime:5  | Found a viscous altar of Jiyva.
 14706 | Slime:5  | Noticed an acid blob
 14707 | Slime:5  | Noticed an acid blob
 14708 | Slime:5  | Noticed a rockslime
 14709 | Slime:5  | Noticed an acid blob
 14709 | Slime:5  | Noticed an acid blob
 14711 | Slime:5  | Noticed an azure jelly
 14714 | Slime:5  | Got a slimy rune of Zot
 14715 | Slime:5  | Identified the +8 great mace of Foul Odours {vorpal, rF+
                  | Will+}
 14717 | Slime:5  | Noticed an acid blob
 14717 | Slime:5  | Noticed the Royal Jelly
 14725 | Slime:5  | Identified the +8 short sword of Peitit {flame, Drain
                  | Will+++ Str+5 Dex-3}
 14726 | Slime:5  | Identified the +10 glaive "Xepesun" {vorpal, Will+ rCorr
                  | Stlth+}
 14746 | Slime:5  | Identified the +2 ring mail of the Feral Alphagorgon {rF-
                  | Will- Str+2 Int+6}
 14767 | Slime:5  | Noticed a rockslime
 14769 | Slime:5  | Noticed an acid blob
 15056 | Slime:4  | Noticed an azure jelly
 15299 | Slime:3  | Noticed an azure jelly
 15332 | Slime:3  | Noticed an azure jelly
 15434 | Slime:3  | Noticed an acid blob
 15434 | Slime:3  | Noticed an acid blob
 15456 | Slime:3  | Noticed an acid blob
 16102 | D:1      | Bought a scroll of teleportation for 78 gold pieces
 16102 | D:1      | Bought a potion of curing for 78 gold pieces
 16102 | D:1      | Bought a scroll of poison for 104 gold pieces
 16274 | D:7      | Killed Palms's ghost
 16430 | D:5      | Bought a wand of quicksilver (8) for 403 gold pieces
 16430 | D:5      | Bought a potion of might for 48 gold pieces
 16759 | Spider:2 | Reached skill level 10 in Spellcasting
 16866 | Spider:2 | Gained mutation: Your spells are a little harder to cast,
                  | but a little more powerful. [hidden potential]
 16882 | Spider:2 | Noticed a broodmother
 16894 | Spider:2 | Killed a broodmother
 16935 | Spider:2 | Noticed a ghost moth
 16940 | Spider:2 | Killed a ghost moth
 17193 | Spider:2 | Lost mutation: You are very agile. (Dex +8, Str/Int -2)
                  | [Jiyva's grace]
 17193 | Spider:2 | Lost mutation: Your flesh is heat resistant. (rF+) [Jiyva's
                  | grace]
 17193 | Spider:2 | Lost mutation: Your spells are a little harder to cast, but
                  | a little more powerful. [Jiyva's grace]
 17193 | Spider:2 | Lost mutation: Your body is covered in eyes which may
                  | confuse attackers. (Acc +7, SInv) [Jiyva's grace]
 17193 | Spider:2 | Gained mutation: Your system is resistant to poisons.
                  | (rPois) [Jiyva's grace]
 17193 | Spider:2 | Gained mutation: Your translucent skin slightly reduces
                  | your foes' accuracy. (Stealth+) [Jiyva's grace]
 17193 | Spider:2 | Gained mutation: Your translucent skin reduces your foes'
                  | accuracy. (Stealth+) [Jiyva's grace]
 17193 | Spider:2 | Gained mutation: Your transparent skin significantly
                  | reduces your foes' accuracy. (Stealth+) [Jiyva's grace]
 17335 | Spider:2 | Noticed Aizul
 17440 | Shoals:1 | Entered Level 1 of the Shoals
 17522 | Shoals:1 | Noticed Mlioglotl
 17524 | Shoals:1 | Noticed a balrug
 17534 | Shoals:1 | Mangled by Mlioglotl

Illustrated notes

Levels and vault maps discovered:
D:1:      shiori_shiawase, layout_loops_cross, serial_shops, shop_fountains
D:2:      layout_loops_cross, basic_altar, serial_undead, serial_undead_a,
          serial_undead_f, serial_undead_a, serial_undead_b, serial_undead_a,
          serial_undead_e, serial_undead_d, serial_undead_b,
          minmay_misc_feat_roman
D:3:      layout_rooms, uniq_jessica
D:4:      layout_loops_corners, overflow_temple_1_default, gup_sewer_entry_pipe
D:5:      layout_basic, mainiacjoe_overflow_chevrons,
          nicolae_tso_besieged_by_evil, serial_shops, nicolae_shop_waterfront,
          uniq_grinder, uniq_eustachio, uniq_pikel
D:6:      layout_layer_cave, trog_butcher_becter, zin_scriptorium,
          minmay_temple_entry_glass, enter_ossuary_4, serial_shops,
          kennysheep_mini_moat, st_stairs_6, kennysheep_generic_room_5
D:7:      layout_rooms, gammafunk_ghost_icy, dk_noncrumbling_3
D:8:      layout_loops_corners, kennysheep_little_box, dpeg_lair_monsters
D:9:      minmay_chambers_of_sevens, layout_rooms, serial_curves,
          eino_curves_02, eino_curves_03, eino_curves_04, eino_curves_04
D:10:     layout_small_grid, ebering_ghost_gozag, uniq_sonja, uniq_gastronok
Lair:1:   layout_regular_city, basic_altar, grunt_megastairs_2
Lair:2:   layout_regular_city, hellmonk_spider_entry_not_the_bees,
          mumra_transporter_accident, grunt_megastairs_1
Lair:3:   layout_regular_city, elwin_shoals_entry_stream, serial_rivers,
          chequers_serial_rivers_small_3, chequers_serial_rivers_small_a,
          chequers_serial_rivers_micro_d, chequers_serial_rivers_large_a,
          chequers_serial_rivers_room_b, chequers_serial_rivers_micro_c
Lair:4:   layout_roguey, gammafunk_ghost_ooze, nzn_masters_of_martial_movement,
          serial_bayou_shore_b, grunt_megastairs_3
Lair:5:   wormcave, layout_regular_city, hangedman_lair_caniforms_friends,
          dpeg_slime_entry_enclosed, columned_hall_lemuel
Shoals:1: layout_shoals, uniq_mlioglotl, uniq_josephine
Spider:1: layout_spider_delve
Spider:2: layout_chambers, drop_trap, amcnicky_altar_lugonu_corruption,
          uniq_aizul
Slime:1:  layout_caves, basic_altar, cheibrodos_slime_lost_civilization_4
Slime:2:  cheibrodos_slime_lost_civilization_3, layout_caves
Slime:3:  layout_caves
Slime:4:  layout_caves, cheibrodos_slime_lost_civilization_7
Slime:5:  uniq_dissolution

Skill      XL: |  1  2  3  4  5  6  7  8  9 10 11 12 13 14 |
---------------+-------------------------------------------+-----
Transmutations | 1 2 3 4 5 6 |  6.1
Dodging        | 2 3 4 5 6 8 9 |  9.4
Poison Magic   | 4 5 6 7 8 9 10 | 10.8
Fighting       | 1 2 3 4 5 7 8 9 10 | 10.8
Stealth        | 2 3 |  3.8
Spellcasting   | 3 4 5 6 8 9 10 | 10.1
Air Magic      | 1 2 3 |  3.3
Short Blades   | 1 3 5 |  5.8
Conjurations   | 1 2 |  2.5
Armour         | 2 4 5 |  5.4
Fire Magic     | 1 |  1.3
Hexes          | 1 |  1.3
Translocations | 2 |  2.3
Ice Magic      | 1 |  1.3
Ranged Weapons | 5 9 |  9.1
Earth Magic    | |  0.8

Action                   |  1- 3 |  4- 6 |  7- 9 | 10-12 | 13-15 || total
-------------------------+-------+-------+-------+-------+-------++-------
Melee: Dagger            |    55 |    48 |    20 |   161 |    52 ||   336
       Punch             |     2 |       |     3 |     4 |       ||     9
       Headbutt          |       |     6 |    43 |    79 |    18 ||   146
       Rapier            |       |       |   148 |    90 |       ||   238
       Arbalest          |       |       |       |       |     1 ||     1
 Fire: Arbalest          |       |       |       |       |   323 ||   323
 Cast: Sting             |    56 |   122 |    80 |   140 |    25 ||   423
       Poisonous Vapours |       |     6 |     9 |    26 |     2 ||    43
       Mephitic Cloud    |       |       |     9 |    21 |     3 ||    33
       Olgreb's Toxic Ra |       |       |     8 |    46 |    32 ||    86
       Dazzling Flash    |       |       |       |     5 |    27 ||    32
       Iskenderun's Myst |       |       |       |       |     8 ||     8
       Swiftness         |       |       |       |       |     2 ||     2
Invok: Oozemancy         |       |       |       |       |     2 ||     2
       Slimify           |       |       |       |       |     1 ||     1
  Use: Scroll            |       |     7 |    10 |     5 |     4 ||    26
       Potion            |       |     3 |       |     1 |     3 ||     7
 Stab: Confused          |       |       |     3 |     6 |     3 ||    12
       Distracted        |       |       |       |     1 |       ||     1
       Invisible         |       |       |       |       |     2 ||     2
Armor: Robe              |    13 |    27 |    47 |     7 |       ||    94
       Troll leather arm |       |       |       |    35 |    58 ||    93
Dodge: Dodged            |    39 |    30 |   117 |   169 |   296 ||   651
